 Dungeon Crawl Stone Soup version 0.26.0-16-gc1dbca0489 (webtiles) character file.

Game seed: 17841948465094796064

45 littlecub the Skirmisher (level 3, 0/30 HPs)
             Began as a Demonspawn Fighter on Jan 19, 2021.
             Slain by an iguana (9 damage)
             ... on level 2 of the Dungeon.
             The game lasted 00:03:41 (1179 turns).

littlecub the Skirmisher (Demonspawn Fighter)       Turns: 1179, Time: 00:03:41

Health: 0/30       AC:  8    Str: 17    XL:     3   Next: 42%
Magic:  3/3        EV:  6    Int:  9    God:
Gold:   60         SH:  8    Dex: 12    Spells: 2/2 levels left

rFire    . . .     SeeInvis .   a - +0 flail
rCold    . . .     Faith    .   c - +0 kite shield
rNeg     . . .     Spirit   .   f - +0 scale mail (curse)
rPois    .         Reflect  .   (no helmet)
rElec    .         Harm     .   (no cloak)
rCorr    .         Rampage  .   (no gloves)
Will     .....                  (no boots)
Stlth    ..........             i - amulet of inaccuracy (curse)
HPRegen  0.10/turn              (no ring)
MPRegen  0.08/turn              (no ring)

@: no status effects
A: sharp scales 2
a: no special abilities


You were on level 2 of the Dungeon.
You visited 1 branch of the dungeon, and saw 2 of its levels.

You collected 60 gold pieces.

Inventory:

Hand Weapons
 a - a +0 flail (weapon)
Missiles
 d - 24 poisoned darts (quivered)
Armour
 b - a +0 scale mail
 c - a +0 kite shield (worn)
 f - a cursed +0 scale mail (worn)
Jewellery
 i - a cursed amulet of inaccuracy (around neck)
Scrolls
 e - a scroll of fog {unknown}
 j - 2 scrolls of remove curse {unknown}
Potions
 g - a potion of degeneration {unknown}
 h - 3 potions of curing {unknown}
 k - a potion of lignification {unknown}


   Skills:
 * Level 3.8 Fighting
 * Level 2.8 Maces & Flails
 - Level 2.6 Armour
 - Level 2.6 Shields


You had 2 spell levels left.
You didn't know any spells.
Your spell library was empty.

Dungeon Overview and Level Annotations

Branches:
Dungeon (2/15)

Altars:


Innate Abilities, Weirdness & Mutations

You are mostly covered in razor-sharp scales. (AC +2, Slay +2)


Message History

The iguana is lightly wounded.
You block the iguana's attack.
You hit the iguana but do no damage.
The iguana is lightly wounded.
The iguana looks more healthy.
The iguana bites you.
You closely miss the iguana.
The iguana is lightly wounded.
The iguana bites you!
* * * LOW HITPOINT WARNING * * *
The iguana bites you but does no damage.
You are too injured to fight recklessly!
You are too injured to fight recklessly!
Throw: 25 darts (poison)
Press: ? - help, Q - select action Shift-Dir - straight line, f/p - iguana
Aim: an iguana (lightly wounded)
You throw a poisoned dart. The poisoned dart hits the iguana.
The iguana is poisoned.
The iguana is lightly wounded.
The iguana bites you!
You die...

+.............#
######........#
#<....#.##.#
###.....# #.....##
#......# . #......#
...
..##########..#.....
.......@l(....((.....
#.#######.....##.....
#+###+# .... ... .. .


You could see an iguana (poisoned).

Vanquished Creatures
  An ooze (D:1)
  A dart slug (D:1)
  2 leopard geckos (D:1)
  6 bats (D:1)
  2 goblins (D:1)
  4 hobgoblins (D:1)
  8 jackals (D:1)
  A ball python (D:1)
  A frilled lizard (D:1)
  6 kobolds (D:1)
  A rat (D:1)
33 creatures vanquished.

Notes
Turn   | Place    | Note
-------+----------+-------------------------------------------
     0 | D:1      | littlecub the Demonspawn Fighter began the quest for the
                  | Orb.
     0 | D:1      | Reached XP level 1. HP: 18/18 MP: 1/1
    56 | D:1      | Gained mutation: You are partially covered in razor-sharp
                  | scales. (AC +1, Slay +1) [demonic ancestry]
    56 | D:1      | Reached XP level 2. HP: 3/24 MP: 2/2
    56 | D:1      | HP: 1/24 [ooze (3)]
   569 | D:1      | Gained mutation: You are mostly covered in razor-sharp
                  | scales. (AC +2, Slay +2) [demonic ancestry]
   569 | D:1      | Reached XP level 3. HP: 29/29 MP: 3/3
  1179 | D:2      | Slain by an iguana

Illustrated notes

Levels and vault maps discovered:
D:1:      heliophobic_arrival_dark_side_of_the_moon, layout_basic
D:2:      wad_crossroads, layout_basic, grunt_temple_overflow_cloverleaf,
          nicolae_qazlal_general_emergency, uniq_jessica

Skill      XL: |  1 |
---------------+----+-----
Maces & Flails | 2 |  2.8
Fighting       | |  3.8
Armour         | |  2.6
Shields        | |  2.6

Action                   || total
-------------------------++-------
Melee: Flail             ||   117
Throw: Dart              ||    32
  Use: Potion            ||     1
Armor: Scale mail        ||    62
Dodge: Dodged            ||    45
Block: Kite shield       ||    76
